 Dungeon Crawl Stone Soup version 0.30-a0-972-gf3ab3527aa (webtiles) character file.

Game seed: 5720572968476082990

2408 Newt the Cudgeller (level 9, -8/69 HPs)
             Began as a Demonspawn Gladiator on Mar 31, 2023.
             Was a Believer of Okawaru.
             Mangled by Menkaure (17 damage)
             ... on level 6 of the Dungeon.
             The game lasted 00:11:28 (6477 turns).

Newt the Cudgeller (Demonspawn Gladiator)           Turns: 6477, Time: 00:11:29

Health: -8/69      AC: 21    Str: 19    XL:     9   Next: 23%
Magic:  9/9        EV: 12    Int: 10    God:    Okawaru [**....]
Gold:   264        SH:  0    Dex: 14    Spells: 8/8 levels left

rFire   . . .      SeeInvis .    v - +1 dire flail (protect)
rCold   . . .      Faith    .    (shield currently unavailable)
rNeg    . . .      Spirit   .    w - +1 chain mail {Will+}
rPois   +          Reflect  .    (helmet restricted)
rElec   .          Rampage  .    (no cloak)
rCorr   .                        (no gloves)
Will    +....                    (no boots) Stlth
                                 i - amulet of the acrobat
HPRegen 0.31/turn                l - ring of poison resistance
MPRegen 0.11/turn                x - +4 ring of protection

@: under a protective aura
A: antennae 1, repulsion field 2
a: Renounce Religion, Heroism


You were on level 6 of the Dungeon.
You worshipped Okawaru.
Okawaru was pleased with you.
You visited 2 branches of the dungeon, and saw 7 of its levels.

You collected 264 gold pieces.

Inventory:

Hand Weapons
 a - a +0 rapier
 d - a +1 dagger of venom
 p - a +0 antimagic dagger
 q - a +1 dagger of speed
 t - a +1 whip of flaming
 v - a +1 dire flail of protection (weapon)
Missiles
 e - a javelin
 g - 23 poisoned darts
 h - 37 stones
 s - 5 boomerangs (quivered)
 z - a curare-tipped dart
Armour
 b - a +0 leather armour
 c - a +0 helmet
 m - a +0 buckler
 w - a +1 chain mail of willpower (worn)
 C - a +2 leather armour of fire resistance
Jewellery
 i - an amulet of the acrobat (around neck)
 l - a ring of poison resistance (left hand)
 x - a +4 ring of protection (right hand)
Wands
 n - a wand of flame (5)
 A - a wand of polymorph (9)
Scrolls
 u - 3 scrolls of noise
Potions
 f - a potion of attraction
 j - a potion of degeneration
 k - 2 potions of flight
 o - a potion of heal wounds
 r - 2 potions of curing
 B - a potion of ambrosia
 D - a potion of invisibility


   Skills:
 - Level 6.0 Fighting
 - Level 2.6 Short Blades
 - Level 6.0 Maces & Flails
 - Level 5.0 Throwing
 - Level 5.0 Armour
 - Level 4.0 Dodging
 + Level 2.6 Evocations


You had 8 spell levels left.
You didn't know any spells.
Your spell library contained the following spells:

 Spells                   Type           Power      Damage    Failure   Level
 Freeze                   Ice            0%         1d3       98%         1
 Lesser Beckoning         Tloc           0%         N/A       99%         2
 Frozen Ramparts          Ice            0%         1d1       100%        3
 Gell's Gravitas          Tloc           0%         N/A       100%        3
 Hailstorm                Conj/Ice       0%         3d3       100%        3
 Teleport Other           Tloc           0%         N/A       100%        3
 Airstrike                Air            0%         2d(0-16)  100%        4
 Plasma Beam              Fire/Air       0%         2x1d7     100%        5
 Summon Small Mammal      Summ           Unusable   N/A       N/A         1
 Call Canine Familiar     Summ           Unusable   N/A       N/A         3
 Summon Guardian Golem    Hex/Summ       Unusable   N/A       N/A         3
 Summon Lightning Spire   Summ/Air       Unusable   N/A       N/A         4

Dungeon Overview and Level Annotations

Branches:
Dungeon (6/15)             Temple (1/1) D:5

Altars:
Dithmenos
Gozag
Hepliaklqana
Kikubaaqudgha
Okawaru
Xom
Yredelemnul

Annotations:
D:3 3 runed translucent doors, 123456's ghost, amateur GrEE; Ahpoh's ghost, amateur GrGl; cforsyth's ghost, weakling FoFi; coolguy69's ghost, amateur MiBe; sugarbear's ghost, amateur VSGl
D:6 Menkaure


Innate Abilities, Weirdness & Mutations

You have a pair of small antennae on your head.
You are surrounded by a moderate repulsion field. (EV +3)


Message History

You kill the orc priest!
Okawaru accepts your kill.
The orc priest invokes the aid of Beogh against you.
Beogh smites you!
Menkaure, Prince of Dust comes into view.
Menkaure shouts!
The orc priest misses you.
Things that are here:
a +0 morningstar; a +0 leather armour You closely miss the orc priest.
The orc priest hits you but does no damage.
You barely miss the orc priest. You closely miss the orc priest.
Menkaure mumbles some strange words.
Menkaure seems to speed up.
The orc priest invokes the aid of Beogh against you.
You easily resist.
You hit the orc priest.
Your weapon exudes an aura of protection.
The orc priest is moderately wounded.
Menkaure enters a dispersal trap!
The orc priest blinks! x3; You blink.
The orc priest completely misses you.
Unknown command.
The orc priest completely misses you.
You sock the orc priest!
You kill the orc priest!
Okawaru accepts your kill.
Unknown command.
You start resting.
You sense a monster nearby.
Menkaure calls on the powers of darkness!
Your body is wracked with pain!
You puncture Menkaure!
Your weapon exudes an aura of protection.
Menkaure is heavily damaged.
Menkaure hits you!
* * * LOW HITPOINT WARNING * * *
Unknown command.
Menkaure attacks as you move away! Menkaure hits you!
You die...

#..##### #..#....
######..#.###
#............
#.####..#.##. ############
#.# #..#.#
.o..§..M...#####.####..#.#
##########M............#.#
##########@.............#
............###.###...###
.#...#...#..###)# #.###
...........).##.# #.#
[#...#...#....#†# #.#
...............†###.####
############...........[..
#...# #.......#########
##.## ##.....##


You could see Menkaure (fast).

Vanquished Creatures
  Grinder (D:3)
  2 slime creatures (D:5)
  Eustachio (D:5)
  Edmund (D:4)
  A water moccasin (D:6)
  A black bear (D:5)
  2 ice beasts
  A centaur (D:6)
  2 ogres
  Blork the orc (D:6)
  A bullfrog (D:6)
  2 kobold brigands (D:5)
  3 scorpions
  7 jellies
  2 orc priests (D:6)
  2 iguanas
  8 adders
  A gnoll (D:1)
  A shadow imp (D:6)
  A white imp (D:6)
  2 ufetubi
  2 worms
  3 dart slugs
  13 orcs
  3 bats
  11 endoplasms
  7 giant cockroaches
  8 goblins
  15 hobgoblins
  10 jackals
  9 kobolds
  5 quokkas
  10 ball pythons
  7 frilled lizards
  5 rats
151 creatures vanquished.

Vanquished Creatures (others)
  10 fungi
  6 plants (D:1)
  7 toadstools (D:5)
23 creatures vanquished.

Grand Total: 174 creatures vanquished

Notes
Turn   | Place    | Note
-------+----------+-------------------------------------------
     0 | D:1      | Newt the Demonspawn Gladiator began the quest for the Orb.
     0 | D:1      | Reached XP level 1. HP: 16/16 MP: 1/1
   243 | D:1      | Gained mutation: You are surrounded by a mild repulsion
                  | field. (EV +2) [demonic ancestry]
   243 | D:1      | Reached XP level 2. HP: 21/23 MP: 2/2
   563 | D:1      | Reached XP level 3. HP: 21/29 MP: 3/3
   631 | D:1      | Found a faded altar of an unknown god.
  1221 | D:2      | Reached XP level 4. HP: 28/37 MP: 4/4
  2042 | D:3      | Reached XP level 5. HP: 27/42 MP: 5/5
  2186 | D:3      | Found a runed translucent gate.
  2186 | D:3      | Found a runed translucent gate.
  2188 | D:3      | Found a runed translucent gate.
  2188 | D:3      | Noticed cforsyth's ghost (weakling FoFi)
  2188 | D:3      | Noticed Ahpoh's ghost (amateur GrGl)
  2189 | D:3      | Noticed 123456's ghost (amateur GrEE)
  2189 | D:3      | Noticed sugarbear's ghost (amateur VSGl)
  2189 | D:3      | Noticed coolguy69's ghost (amateur MiBe)
  2221 | D:3      | Noticed Grinder
  2276 | D:3      | Paralysed by Grinder for 2 turns
  2303 | D:3      | Paralysed by Grinder for 3 turns
  2319 | D:3      | Paralysed by Grinder for 2 turns
  2323 | D:3      | Killed Grinder
  2324 | D:3      | Reached skill level 5 in Throwing
  2324 | D:3      | Gained mutation: You have a pair of small antennae on your
                  | head. [demonic ancestry]
  2324 | D:3      | Reached XP level 6. HP: 35/48 MP: 6/6
  3235 | D:4      | Reached skill level 1 in Maces & Flails
  3852 | D:4      | Noticed Edmund
  3869 | D:4      | Killed Edmund
  3870 | D:4      | Reached XP level 7. HP: 42/54 MP: 7/7
  4198 | D:5      | Entered Level 5 of the Dungeon
  4365 | D:5      | Found a staircase to the Ecumenical Temple.
  4383 | Temple   | Entered the Ecumenical Temple
  4491 | Temple   | Became a worshipper of Warmaster Okawaru
  4547 | D:5      | Noticed Eustachio
  4580 | D:5      | Reached skill level 5 in Maces & Flails
  4624 | D:5      | Killed Eustachio
  4625 | D:5      | Reached XP level 8. HP: 40/60 MP: 8/8
  4733 | D:5      | Reached * piety under Okawaru
  4975 | D:5      | Noticed a slime creature
  4976 | D:5      | Noticed a slime creature
  4984 | D:5      | Reached skill level 5 in Fighting
  5012 | D:5      | Killed a slime creature
  5018 | D:5      | HP: 3/64 [slime creature (13)]
  5019 | D:5      | Killed a slime creature
  5906 | D:6      | Noticed Blork the orc
  5913 | D:6      | Killed Blork the orc
  5913 | D:6      | Reached ** piety under Okawaru
  5922 | D:6      | Gained mutation: You are surrounded by a moderate repulsion
                  | field. (EV +3) [demonic ancestry]
  5922 | D:6      | Reached XP level 9. HP: 44/69 MP: 9/9
  6276 | D:6      | Reached skill level 5 in Armour
  6283 | D:6      | Reached skill level 1 in Evocations
  6465 | D:6      | Noticed Menkaure
  6477 | D:6      | Mangled by Menkaure

Illustrated notes

Levels and vault maps discovered:
D:1:      erik_arrival_blinker_ship, layout_loops_ring,
          shapermc_ecumenical_altar_mp_ritualfount, patterned_corridor
D:2:      wad_crossroads, layout_rooms, nicolae_concentric_dashed_squares_mild,
          minmay_pentomino_z2
D:3:      minmay_angry_zag, layout_basic, mainiacjoe_overflow_catwalk,
          gammafunk_ghost_cemetery, uniq_grinder
D:4:      layout_basic, kennysheep_generic_room_14, uniq_edmund
D:5:      cheibrodos_fertilizer, layout_cave_pools, temple_fountains,
          uniq_eustachio
D:6:      layout_loops_ring, lemuel_coloured_pillars_altar, uniq_menkaure,
          uniq_blork_the_orc, uniq_crazy_yiuf_cottage
Temple:   hellmonk_temple_rainy

Skill      XL: |  1  2  3  4  5  6  7  8  9 |
---------------+----------------------------+-----
Fighting       | 3 4 6 |  6.0
Throwing       | 2 3 5 |  5.0
Dodging        | 3 4 |  4.0
Maces & Flails | 2 5 6 |  6.0
Armour         | 4 5 |  5.0
Evocations     | 2 |  2.6
Short Blades   | |  2.6

Action                     |  1- 3 |  4- 6 |  7- 9 || total
---------------------------+-------+-------+-------++-------
  Melee: Rapier            |   141 |    48 |       ||   189
         Dagger            |       |   318 |       ||   318
         Punch             |       |     3 |       ||     3
         Dire flail        |       |       |   252 ||   252
  Throw: Dart              |     6 |     9 |     3 ||    18
         Stone             |       |    10 |       ||    10
         Throwing net      |       |     4 |       ||     4
         Javelin           |       |     2 |       ||     2
         Boomerang         |       |       |     2 ||     2
    Use: Scroll            |     2 |     4 |     6 ||    12
         Potion            |       |     5 |     2 ||     7
   Stab: Sleeping          |       |       |     1 ||     1
         Distracted        |       |       |     1 ||     1
 Armour: Leather armour    |    36 |    55 |    73 ||   164
         Skin              |       |    13 |       ||    13
         Chain mail        |       |       |    56 ||    56
  Dodge: Dodged            |   100 |   231 |   290 ||   621

Table legend: (Time is in decaauts)
 A = Elapsed time spent in this place.
 B = Non-inter-level travel time spent in this place.
 C = Inter-level travel time spent in this place.
 D = Time resting spent in this place.
 E = Time spent auto-exploring this place.
 F = Levels seen in this place.
 G = Mean time per level.
                   A        B        C        D        E       F      G
               +--------+--------+--------+--------+--------+-----+--------+
         Total |   6393 |   6169 |    224 |    997 |   3868 |   7 |  913.3 |
       Dungeon |   6278 |   6054 |    224 |    997 |   3769 |   6 | 1046.3 |
        Temple |    114 |    114 |      0 |      0 |     99 |   1 |  114.0 |
               +--------+--------+--------+--------+--------+-----+--------+

Top non-repeatable levels by time:
     D:5: 1481 daAuts
     D:4: 1251 daAuts
     D:3: 1141 daAuts
     D:1: 868 daAuts
     D:2: 843 daAuts
     D:6: 693 daAuts
  Temple: 114 daAuts
